 Dungeon Crawl Stone Soup version 0.31-a0-1178-gc5c9b8f871 (webtiles) character file.

Game seed: 5465446237074082462

338162 backslashecho the Wrestler (level 23, -4/264 HPs)
             Began as a Meteoran Shapeshifter on Dec 11, 2023.
             Was the Champion of Trog.
             Slain by Mennas
             ... wielding a +3 sacred scourge of holy wrath
              (14 damage)
             ... on level 4 of the Vaults.
             The game lasted 03:17:27 (18263 turns).

backslashecho the Wrestler (Meteoran Shapeshifter) Turns: 18263, Time: 03:17:28

Health: -4/264     AC: 15    Str: 26    XL:     23   Next: 51%
Magic:  24/24      EV: 24    Int: 13    God:    Trog [******]
Gold:   450        SH:  5    Dex: 20    Spells: 22/22 levels left

rFire   + .          .
                       - Unarmed
rCold   + . .        (shield currently unavailable)
rNeg    + . .        q - melded +2 robe of Vexation {Regen+}
rPois   +            l - melded +2 hat of the Constellations {rElec Str+4}
rElec   .            x - melded +2 cloak
rCorr   .            w - melded +0 pair of fencer's gloves {Riposte Dex+3}
SInv    +            V - melded +2 pair of boots {rampage}
Will    +++++        D - amulet of Rouhasm {Reflect rPois rC+ SH+5}
Stlth   +            f - ring "Weriorij" {rPois rF+ rN+}
HPRegen 1.64/turn    A - ring "Vuni Hoga" {Will+ SInv}
MPRegen 0.19/turn

%: reflection
@: snake-form, strong-willed, regenerating, hasted, glowing, studying Stealth,
silenced, very quick
A: constrict, boosted hp, large, sense surroundings 3, otherworldly, glowing,
explore regen
}: 3/15 runes: barnacled, silver, gossamer
a: Begin Untransformation, Renounce Religion


You were on level 4 of the Vaults.
You worshipped Trog.
Trog was exalted by your worship.
You were an enormous serpent.
You visited 8 branches of the dungeon, and saw 38 of its levels.
You visited 1 bazaar.
You also visited: Bailey, Gauntlet, Ice Cave and Desolation.

You collected 4086 gold pieces.
You spent 3636 gold pieces at shops.

Inventory:

Armour
 l - the +2 hat of the Constellations (melded) {rElec Str+4}
   (You bought it in a shop on level 3 of the Elven Halls)

   Str+4:     It affects your strength (+4).
   rElec:     It insulates you from electricity.
 q - the +2 robe of Vexation (melded) {Regen+}
   (You found it on level 5 of the Dungeon)

   Regen+:    It increases your rate of health regeneration.
 w - the +0 pair of fencer's gloves (melded) {Riposte Dex+3}
   (You found it on level 3 of the Elven Halls)

   Riposte:   It allows the wearer to riposte with melee weapons, swiftly
   retaliating against missed or blocked melee attacks.
   Dex+3:     It affects your dexterity (+3).
 x - a +2 cloak (melded)
 P - the +1 pair of boots of Bitterness {rF+ Str-4 Int+2}
   (You bought it in a shop on level 13 of the Dungeon)

   Str-4:     It affects your strength (-4).
   Int+2:     It affects your intelligence (+2).
   rF+:       It protects you from fire.
 V - a +2 pair of boots of rampaging (melded)
Jewellery
 f - the ring "Weriorij" (left hand) {rPois rF+ rN+}
   (You found it in a Gauntlet)

   [ring of poison resistance]

   rF+:       It protects you from fire.
   rPois:     It protects you from poison rN+: It protects you from negative
   energy.
 A - the ring "Vuni Hoga" (right hand) {Will+ SInv}
   (You took it off a deep elf death mage on level 3 of the Elven Halls)

   [ring of see invisible]

   Will+:     It increases your willpower.
   SInv:      It lets you see invisible.
 D - the amulet of Rouhasm (around neck) {Reflect rPois rC+ SH+5}
   (You found it on level 1 of the Shoals)

   [amulet of reflection]

   Reflect:   It reflects blocked missile attacks.
   rC+:       It protects you from cold.
   rPois:     It protects you from poison SH+5: It affects your SH (+5).
 I - the amulet of the Four Mice {*Slow rF+ rN+ Regen+ Str+3}
   (You found it in the Desolation of Salt)

   [amulet of regeneration]

   Str+3:     It affects your strength (+3).
   rF+:       It protects you from fire.
   rN+:       It protects you from negative energy.
   Regen+:    It increases your rate of health regeneration.
   *Slow:     It may slow you when you take damage.
 J - the ring "Naetog" {rElec rF+ rC- rCorr Int+5}
   (You took it off a deep elf sorcerer on level 3 of the Elven Halls)

   [ring of resist corrosion]

   Int+5:     It affects your intelligence (+5).
   rF+:       It protects you from fire.
   rC-:       It makes you vulnerable to cold.
   rElec:     It insulates you from electricity.
   rCorr:     It protects you from acid and corrosion.
 K - the ring of Aneur {rN+ AC+4 Str-4 Slay+3}
   (You found it in the Desolation of Salt)

   [ring of protection]

   AC+4:      It affects your AC (+4).
   Str-4:     It affects your strength (-4).
   Slay+3:    It affects your accuracy & damage with ranged weapons and melee
   (+3).
   rN+:       It protects you from negative energy.
 U - the ring of Vinig {Fly rPois Str+6 Dex+2}
   (You found it on level 5 of the Vaults)

   [ring of strength]

   Str+6:     It affects your strength (+6).
   Dex+2:     It affects your dexterity (+2).
   rPois:     It protects you from poison Fly: It grants you flight.
 W - a ring of protection from cold
Talismans
 c - a beast talisman
 d - a flux talisman
 m - a maw talisman
 E - a serpent talisman (active)
 T - a granite talisman
Wands
 t - a wand of digging (1)
 y - a wand of iceblast (12)
 B - a wand of quicksilver (1)
 C - a wand of paralysis (20)
 N - a wand of flame (23)
 Z - a wand of mindburst (25)
Scrolls
 e - 4 scrolls of vulnerability
 i - 7 scrolls of poison
 j - 5 scrolls of noise
 n - 4 scrolls of blinking
 r - 2 scrolls of teleportation
 s - 8 scrolls of fog
 F - a scroll of butterflies
 G - a scroll of torment
 M - 4 scrolls of fear
 O - 3 scrolls of silence
 Q - 4 scrolls of immolation
 X - 3 scrolls of identify
 Y - 2 scrolls of revelation
Potions
 a - 6 potions of lignification
 g - 2 potions of might
 h - a potion of heal wounds
 k - 5 potions of enlightenment
 o - 4 potions of haste
 u - 10 potions of curing
 z - 5 potions of ambrosia
 H - 10 potions of mutation
 L - 4 potions of cancellation
 R - 5 potions of resistance
Miscellaneous
 b - a lightning rod (4/4)
 p - a box of beasts
 v - a phial of floods


   Skills:
 + Level 21.2 Fighting
 - Level 21.0 Dodging
 + Level 21.9 Unarmed Combat
 - Level 12.0 Evocations
 + Level 19.3 Shapeshifting


You had 22 spell levels left.
You didn't know any spells.
Your spell library contained the following spells:

 Spells                   Type           Power      Damage    Failure   Level
 Shock                    Conj/Air       0%         1d3       30%         1
 Ignite Poison            Fire/Tmut/Pois 0%         N/A       67%         3
 Dimensional Bullseye     Hex/Tloc       0%         N/A       97%         4
 Sticky Flame             Conj/Fire      0%         2d3       97%         4
 Summon Ice Beast         Ice/Summ       0%         N/A       97%         4
 Summon Lightning Spire   Summ/Air       0%         N/A       97%         4
 Arcjolt                  Conj/Air       0%         1d10      100%        5
 Irradiate                Conj/Tmut      0%         3d11      100%        5
 Monstrous Menagerie      Summ           0%         N/A       100%        7
 Spellforged Servitor     Conj/Summ      0%         N/A       100%        7
 Ignition                 Fire           0%         3d3       100%        8
 Chain Lightning          Conj/Air       0%         N/A       100%        9
 Fire Storm               Conj/Fire      0%         5d1       100%        9
 Shatter                  Erth           0%         3d5*      100%        9


Dungeon Overview and Level Annotations

Branches:
Dungeon (14/15) Zot: 1434  Temple (1/1) D:7 Zot: 455    Lair (5/5) D:11 Zot: 361
 Shoals (4/4) Lair:2 Zot: 1081  Spider (4/4) Lair:2 Zot: 788   Slime (0/5) Lair:4
    Orc (2/2) D:11 Zot: 357     Elf (3/3) Orc:2 Zot: 533  Vaults (5/5) D:14 Zot: 1831
 Bailey (visited)           IceCv (visited)         Desolation (visited)
Gauntlet (visited)
  Crypt: Vaults:2-3

Altars:
Ashenzari
Cheibriados
Dithmenos
Elyvilon
Fedhas
Gozag
Hepliaklqana
Kikubaaqudgha
Makhleb
Nemelex Xobeh
Okawaru
Qazlal
Ru
Sif Muna
Trog
Uskayaw
Vehumet
Wu Jian
Xom
Yredelemnul
Zin
The Shining One
Jiyva

Shops:
D:5 (*!   D:11 :   D:13 [[!=*   Orc:1 ?   Orc:2 ?*:   Elf:3 [   Vaults:2 (

Annotations:
D:2 1 runed translucent door, Crazy Yiuf
Lair:5 exclusion: 3 doors
Shoals:1 3 runed translucent doors, exclusion: 3 doors, Zonian's ghost, adept DgEE
Shoals:2 exclusion: downstairs, Ilsuiw
Shoals:3 exclusion: upstairs
Spider:4 Roxanne
Vaults:4 Mennas


Innate Abilities, Weirdness & Mutations

You are an enormous serpent.
You have a powerful constriction melee attack.
Your maximum health is increased.
Your armour is entirely melded.
You are incapable of wielding weapons or throwing items.
You passively map a large area around you.
You are easily found by Zot.
You glow in the dark.
You regain HP and MP as you explore.


Message History

You feel much better.
You constrict Mennas! Mennas hits you but does no damage.
Mennas hits you with a +3 sacred scourge of holy wrath.
* * * LOW HITPOINT WARNING * * *
Mennas hits you with a +3 sacred scourge of holy wrath!
* * * LOW HITPOINT WARNING * * *
Mennas misses you.
You regained 11 hp, and now have 31/264 hp.
You feel much better.
You constrict Mennas! Mennas closely misses you. You block Mennas's attack.
You regained 21 hp, and now have 52/264 hp.
You feel yourself speed up.
You constrict Mennas!!
Mennas hits you with a +3 sacred scourge of holy wrath!!
* * * LOW HITPOINT WARNING * * *
Mennas hits you with a +3 sacred scourge of holy wrath.
* * * LOW HITPOINT WARNING * * *
Mennas misses you. Mennas closely misses you.
You take 24 damage, and have 28/264 hp.
Press: ? - help, v - describe, . - travel
Here: Mennas, wielding a +3 sacred scourge of holy wrath and wearing a +0 tower shield (silenced, severely wounded, constricted by you, radiating silence, haloed)
The floor.
Unknown command.
Okay, then.
Unknown command.
Unknown command.
Okay, then.
Unknown command.
Unknown command.
Press: ? - help, v - describe, . - travel
Here: Mennas, wielding a +3 sacred scourge of holy wrath and wearing a +0 tower shield (silenced, severely wounded, constricted by you, radiating silence, haloed)
The floor.
You release your grip on Mennas.
Press: ? - help, v - describe, . - travel
Here: Mennas, wielding a +3 sacred scourge of holy wrath and wearing a +0 tower shield (silenced, severely wounded, radiating silence, haloed)
The floor.
Mennas is caught in a moment of prayer.
You open the door.
Mennas hits you with a +3 sacred scourge of holy wrath.
* * * LOW HITPOINT WARNING * * *
Mennas hits you with a +3 sacred scourge of holy wrath!!
* * * LOW HITPOINT WARNING * * *
You take 11 damage, and have 22/264 hp.
There is an open door here.
You regained 8 hp, and now have 30/264 hp.
Found a scroll of revelation.
You regained 4 hp, and now have 34/264 hp.
Mennas attacks as he pursues you!
Mennas hits you with a +3 sacred scourge of holy wrath!!
* * * LOW HITPOINT WARNING * * *
Mennas hits you with a +3 sacred scourge of holy wrath!
You die...

,#....>).....+,,,
,, , ,
#...........#, ,,
, , ,
#...........# ,,
* ,,
#...........# ,,,
* , #...........#
,, ,, *,
#...........# , ,
, ###########'##
,, , , , ,#.A#,,
, ,, , , #.S# *
*, , , * ,
#......# ,, , ,*
, , #?.....# , ,
,, , , ####### ,
######## * *
......#,,,, ,, ,
, , ......# , , ,
......# ,, , , ,,
,, , ...<..# , ,
, , , ,,, ......#
,,, , ,, ,, , , ,


You could see Mennas (silencing).

Vanquished Creatures
  Frederick (Vaults:5)
  Mara (Vaults:5)
  3 golden dragons (Vaults:5)
  Jorgrun (Shoals:3)
  2 liches (Vaults:5)
  4 tentacled monstrosities (Vaults:5)
  Mlioglotl (Spider:4)
  2 titans (Vaults:5)
  A sphinx (Vaults:1)
  2 quicksilver dragons (Vaults:5)
  2 deep elf master archers (Elf:3)
  2 deep elf blademasters (Elf:3)
  Gastronok (D:11)
  6 tengu reavers
  3 shadow dragons (Vaults:5)
  3 fire giants
  2 frost giants (IceCv)
  2 iron dragons (Vaults:5)
  8 emperor scorpions
  3 imperial myrmidons (Desolation)
  5 ghost moths
  Louise (Spider:1)
  5 deep elf sorcerers
  7 vault wardens
  An orc warlord (Orc:1)
  3 deep elf elementalists (Elf:3)
  8 ironbound preservers
  5 war gargoyles
  9 very ugly things (Vaults:5)
  2 ironbound thunderhulks
  A broodmother (Spider:1)
  9 deep elf annihilators
  4 deep elf demonologists
  A spark wasp (Spider:2)
  Azrael (D:14)
  A minotaur (Gauntlet)
  A halazid warlock (Desolation)
  A dire elephant (Vaults:1)
  Snorg (D:11)
  A white draconian (IceCv)
  2 ettins (Vaults:5)
  9 merfolk impalers
  3 crystal guardians (Desolation)
  6 ragged hierophants (Desolation)
  6 yaktaur captains
  Fannar (Lair:3)
  8 deep elf death magi
  3 deep elf high priests
  5 servants of whispers (Desolation)
  11 hydras
  A great orb of eyes (Vaults:1)
  An ogre mage (Vaults:5)
  Erolcha (D:10)
  5 ironbound frosthearts (IceCv)
  7 peacekeepers (Desolation)
  37 vault guards
  5 centaur warriors
  An alligator snapping turtle (Shoals:4)
  13 boulder beetles
  A catoblepas (Lair:1)
  A merfolk avatar (Shoals:4)
  3 dancing weapons (Elf:3)
  3 radroaches (Spider:3)
  A satyr (Shoals:3)
  6 two-headed ogres
  A merfolk aquamancer (Shoals:3)
  6 demonic crawlers
  8 death yaks (Lair:3)
  2 thrashing horrors (Gauntlet)
  2 orc high priests (Orc:1)
  Urug (D:11)
  8 deep elf knights
  An occultist (D:13)
  Nergalle (Lair:3)
  Sonja (D:10)
  2 skysharks
  4 skeletal warriors (D:12)
  A sun moth (Spider:3)
  A shadow wraith (Vaults:5)
  6 pharaoh ants
  7 sea snakes
  5 orb spiders
  2 deep trolls (Vaults:1)
  3 orc knights
  6 deep elf archers
  3 phantasmal warriors
  An orange crystal statue (Gauntlet)
  3 steelbarb worms
  5 lindwurms (Vaults:1)
  14 ironbound convokers
  4 orc sorcerers
  3 arcanists
  22 deep elf pyromancers
  15 deep elf zephyrmancers
  11 ugly things
  6 harpies (Shoals:4)
  3 cyclopes
  7 manticores
  15 wolf spiders
  A cyclops (shapeshifter) (D:13)
  Maurice (D:9)
  15 elephants
  3 moths of wrath
  5 kobold blastminers
  4 water nymphs
  An eye of devastation (shapeshifter) (Vaults:5)
  2 guardian serpents (Desolation)
  5 merfolk sirens
  2 molten gargoyles (Desolation)
  8 vault sentinels
  A gargoyle (Bailey)
  8 black mambas
  A cane toad (shapeshifter) (Elf:3)
  4 torpor snails
  10 cane toads
  A freezing wraith (Vaults:5)
  4 kobold demonologists
  3 unseen horrors
  9 rime drakes
  4 komodo dragons
  6 yaktaurs
  7 harpy zombies (Shoals:1)
  6 polar bears
  16 tarantellas
  3 wind drakes
  4 trolls
  28 merfolk
  A wind drake (shapeshifter) (Vaults:5)
  6 blink frogs
  54 saltlings (Desolation)
  5 dream sheep
  19 jumping spiders
  6 snapping turtles
  A wraith (D:9)
  Sigmund (D:3)
  3 water elementals
  13 culicivoras
  An air elemental (Elf:3)
  A shadow (D:11)
  14 slime creatures
  5 vampires
  10 wyverns
  29 yaks
  4 fire elementals
  2 basilisks
  31 redbacks
  A steam dragon (D:9)
  4 vampire mosquitoes (D:10)
  2 chaos spawn (Gauntlet)
  A neqoxec (Gauntlet)
  A swamp worm (Lair:1)
  3 small abominations (Gauntlet)
  4 wargs (Orc:1)
  12 water moccasins
  6 hell hounds (D:14)
  3 sky beasts
  46 orc warriors
  5 ogres
  10 centaurs
  10 wolves
  4 phantoms
  4 kobold brigands
  15 bullfrogs
  4 earth elementals
  5 scorpions
  4 wights (D:7)
  7 vampire bats (Bailey)
  8 wolf zombies (Bailey)
  7 howler monkeys
  4 electric eels
  3 hounds (D:5)
  A sleepcap (D:8)
  18 orc priests
  A gnoll bouda (D:6)
  Jessica (D:2)
  7 iguanas
  25 orc wizards
  4 gnolls (D:6)
  6 adders
  2 white imps
  4 worms
  3 dart slugs
  63 orcs
  13 ball pythons
  5 endoplasms
  2 giant cockroaches
  11 goblins
  5 hobgoblins
  4 jackals (D:4)
  17 kobolds
  6 quokkas
  8 bats
  2 frilled lizards
  21 orc zombies (Bailey)
  3 rats
1210 creatures vanquished.

Vanquished Creatures (collateral kills)
  2 deep elf sorcerers (Elf:3)
  A deep elf elementalist (Elf:3)
  An ironbound preserver (Vaults:1)
  A stone giant (Vaults:5)
  2 dire elephants (Vaults:1)
  A deep elf demonologist (Elf:3)
  3 deep elf annihilators (Elf:3)
  2 sun moths (Spider:2)
  A deep elf archer (Elf:3)
  A deep elf zephyrmancer (Elf:3)
  A necromancer (Vaults:1)
  An ugly thing (Vaults:5)
  2 wolf spiders (Spider:2)
  5 redbacks
  4 orc warriors (Orc:2)
  An orc priest (Orc:2)
  3 orcs (Orc:2)
32 creatures vanquished.

Vanquished Creatures (others)
  A ragged hierophant (Desolation)
  A hornet (D:9)
  An orc priest (Orc:1)
3 creatures vanquished.

Grand Total: 1245 creatures vanquished

Notes
Turn   | Place    | Note
-------+----------+-------------------------------------------
     0 | D:1      | backslashecho the Meteoran Shapeshifter began the quest for
                  | the Orb.
     0 | D:1      | Reached XP level 1. HP: 16/16 MP: 2/2
    97 | D:1      | Reached XP level 2. HP: 22/23 MP: 3/3
   271 | D:2      | Reached XP level 3. HP: 28/28 MP: 4/4
   276 | D:2      | Noticed Jessica
   285 | D:2      | Killed Jessica
   286 | D:2      | Reached XP level 4. HP: 33/35 MP: 5/5
   447 | D:2      | Reached skill level 5 in Shapeshifting
   574 | D:2      | Found a runed translucent door.
   575 | D:2      | Noticed Crazy Yiuf
   722 | D:2      | Reached XP level 5. HP: 40/40 MP: 6/6
   744 | D:3      | Noticed Sigmund
   770 | D:3      | Killed Sigmund
   771 | D:3      | Reached skill level 5 in Unarmed Combat
   771 | D:3      | Reached XP level 6. HP: 47/47 MP: 7/7
   919 | D:3      | Noticed an ogre
  1052 | D:4      | Found a basalt altar of Yredelemnul.
  1055 | D:4      | Found a glowing silver altar of Zin.
  1072 | D:4      | Reached XP level 7. HP: 50/55 MP: 8/8
  1145 | D:5      | Entered Level 5 of the Dungeon
  1149 | D:5      | Identified the +2 robe of Vexation {Regen+}
  1168 | D:5      | Found Xyacwin's Weapon Boutique.
  1168 | D:5      | Found Iviodoo's General Store.
  1169 | D:5      | Found Inedy's Distillery.
  1194 | D:5      | Bought a scroll of identify for 28 gold pieces
  1194 | D:5      | Bought a scroll of teleportation for 42 gold pieces
  1327 | D:4      | Found a radiant altar of Vehumet.
  1920 | D:5      | Reached XP level 8. HP: 58/67 MP: 9/9
  1933 | D:5      | Reached skill level 5 in Fighting
  1972 | D:4      | Noticed a yak
  1986 | D:4      | Killed a yak
  2331 | D:6      | Gained mutation: You passively map the area around you.
                  | [Meteoran growth]
  2331 | D:6      | Reached XP level 9. HP: 52/78 MP: 10/10
  2431 | D:6      | Reached skill level 5 in Dodging
  2899 | D:7      | Reached XP level 10. HP: 11/86 MP: 11/11
  3743 | D:7      | Found a staircase to the Ecumenical Temple.
  3751 | Temple   | Entered the Ecumenical Temple
  3827 | Temple   | Became a worshipper of Trog the Wrathful
  4044 | D:8      | Reached skill level 10 in Shapeshifting
  4097 | D:8      | Found a sacrificial altar of Ru.
  4145 | D:8      | Identified the +4 ring mail of Lifelessness {Str+3 Int+5}
  4199 | D:9      | Noticed Maurice
  4215 | D:9      | Maurice stole a serpent talisman
  4218 | D:9      | Killed Maurice
  4372 | D:9      | Reached skill level 10 in Unarmed Combat
  4390 | D:9      | Found a flagged portal.
  4397 | Bailey   | Entered a bailey
  4417 | Bailey   | Reached * piety under Trog
  4473 | Bailey   | Reached XP level 11. HP: 95/95 MP: 12/12
  4570 | Bailey   | Identified the +3 plate armour of Yluatecu {Harm rF+ Dex+2}
  4647 | Bailey   | Reached ** piety under Trog
  4898 | D:8      | Found a snail-covered altar of Cheibriados.
  5078 | D:9      | Noticed a two-headed ogre
  5098 | D:9      | Killed a two-headed ogre
  5190 | D:10     | Entered Level 10 of the Dungeon
  5478 | D:11     | Noticed Snorg
  5489 | D:11     | Killed Snorg
  5547 | D:10     | Reached XP level 12. HP: 104/104 MP: 13/13
  5642 | D:10     | Noticed Erolcha
  5651 | D:10     | Killed Erolcha
  5660 | D:10     | Noticed Sonja
  5668 | D:10     | Killed Sonja
  5738 | D:10     | Found an iron altar of Okawaru.
  5852 | D:11     | Noticed a deep elf pyromancer
  5858 | D:11     | Killed a deep elf pyromancer
  5866 | D:11     | Found a shimmering blue altar of Sif Muna.
  5916 | D:11     | Found a staircase to the Lair.
  6025 | D:11     | Noticed a boulder beetle
  6037 | D:11     | Noticed Urug
  6049 | D:11     | Killed a boulder beetle
  6053 | D:11     | Killed Urug
  6123 | D:11     | Noticed a boulder beetle
  6136 | D:11     | Killed a boulder beetle
  6141 | D:11     | Found Robromem's Self-Published Books.
  6199 | D:11     | Found a staircase to the Orcish Mines.
  6276 | D:11     | Reached *** piety under Trog
  6455 | Lair:1   | Entered Level 1 of the Lair of Beasts
  6455 | Lair:1   | Noticed Gastronok
  6455 | Lair:1   | Noticed a boulder beetle
  6467 | D:11     | Killed Gastronok
  6468 | D:11     | Reached XP level 13. HP: 111/111 MP: 14/14
  6504 | D:11     | Killed a boulder beetle
  6863 | Lair:1   | Noticed a boulder beetle
  6877 | Lair:1   | Killed a boulder beetle
  6878 | Lair:1   | Reached skill level 10 in Fighting
  6919 | Lair:1   | Noticed a catoblepas
  6936 | Lair:1   | Killed a catoblepas
  6997 | Lair:2   | Noticed a six-headed hydra
  7004 | Lair:2   | Killed a six-headed hydra
  7008 | Lair:2   | Noticed a seven-headed hydra
  7020 | Lair:2   | Noticed a seven-headed hydra
  7023 | Lair:2   | Killed a seven-headed hydra
  7024 | Lair:2   | Reached skill level 15 in Unarmed Combat
  7030 | Lair:2   | Killed a seven-headed hydra
  7147 | Lair:2   | Reached XP level 14. HP: 91/122 MP: 15/15
  7218 | Lair:2   | Reached **** piety under Trog
  7219 | Lair:2   | Reached skill level 15 in Shapeshifting
  7336 | Lair:2   | Found a staircase to the Shoals.
  7365 | Lair:2   | Identified the +3 great sword of Somodd {freeze, rElec
                  | rCorr Int-4}
  7430 | Lair:2   | Identified the amulet "Yviziud" {Acrobat Dex+2 Stlth+}
  7521 | Lair:2   | Found a hole to the Spider Nest.
  7682 | Lair:3   | Noticed Nergalle
  7688 | Lair:3   | Noticed Fannar
  7696 | Lair:3   | Killed Nergalle
  7700 | Lair:3   | Killed Fannar
  7929 | Lair:3   | Reached skill level 10 in Dodging
  8015 | Lair:4   | Reached ***** piety under Trog
  8113 | Lair:4   | Reached XP level 15. HP: 132/132 MP: 16/16
  8173 | Lair:4   | Found a staircase to the Slime Pits.
  8174 | Lair:4   | Found a viscous altar of Jiyva.
  8282 | Lair:5   | Entered Level 5 of the Lair of Beasts
  9108 | Spider:1 | Entered Level 1 of the Spider Nest
  9108 | Spider:1 | Noticed a ghost moth
  9115 | Lair:2   | Killed a ghost moth
  9190 | Spider:1 | You fall into a shaft and drop 1 floor!
  9190 | Spider:2 | Noticed an emperor scorpion
  9198 | Spider:2 | Killed an emperor scorpion
  9223 | Spider:2 | Noticed a ghost moth
  9230 | Spider:2 | Killed a ghost moth
  9271 | Spider:3 | Noticed a ghost moth
  9277 | Spider:3 | Killed a ghost moth
  9278 | Spider:3 | Reached XP level 16. HP: 127/143 MP: 0/17
  9475 | Spider:4 | Entered Level 4 of the Spider Nest
  9476 | Spider:4 | Noticed Mlioglotl
  9541 | Spider:3 | Noticed an emperor scorpion
  9567 | Spider:3 | Killed an emperor scorpion
  9759 | Spider:4 | Noticed Roxanne
  9833 | Spider:4 | Received a gift from Trog
  9859 | Spider:4 | Noticed a ghost moth
  9863 | Spider:4 | Killed a ghost moth
  9897 | Spider:4 | Noticed a ghost moth
  9898 | Spider:4 | Killed Mlioglotl
  9916 | Spider:4 | Noticed an emperor scorpion
  9949 | Spider:4 | Killed an emperor scorpion
 10056 | Spider:4 | Reached skill level 15 in Fighting
 10064 | Spider:4 | Reached skill level 1 in Evocations
 10085 | Spider:4 | Noticed an emperor scorpion
 10087 | Spider:4 | Noticed an emperor scorpion
 10099 | Spider:4 | Noticed an emperor scorpion
 10103 | Spider:4 | Killed an emperor scorpion
 10225 | Spider:4 | Killed an emperor scorpion
 10253 | Spider:4 | Killed an emperor scorpion
 10254 | Spider:4 | Reached XP level 17. HP: 156/156 MP: 18/18
 10383 | Spider:4 | Identified the +1 ring mail of Happiness {SInv}
 10400 | Spider:4 | Got a gossamer rune of Zot
 10416 | Spider:4 | Identified the orb of Morality {*Rage, Stlth+ Earth}
 10571 | Spider:3 | Reached skill level 5 in Evocations
 10705 | Spider:1 | Noticed Louise
 10727 | Spider:1 | Killed Louise
 10887 | Shoals:1 | Entered Level 1 of the Shoals
 10997 | Shoals:1 | Found a runed translucent gate.
 10998 | Shoals:1 | Found a runed translucent gate.
 10999 | Shoals:1 | Found a runed translucent gate.
 11000 | Shoals:1 | Noticed Zonian's ghost (adept DgEE)
 11018 | Shoals:1 | Identified the amulet of Rouhasm {Reflect rPois rC+ SH+5}
 11108 | Shoals:1 | Identified the +11 arbalest "Kem Teghu" {drain, rPois rF-
                  | Int+3 Dex+3}
 11314 | Shoals:2 | Found a frozen archway.
 11327 | IceCv    | Entered an ice cave
 11551 | IceCv    | Gained mutation: You passively map a large area around you.
                  | [Meteoran growth]
 11551 | IceCv    | Reached XP level 18. HP: 105/163 MP: 19/19
 11576 | IceCv    | Got the Almanac of Shocking Mustering
 11580 | IceCv    | Identified a scroll of acquirement
 11581 | IceCv    | Acquired 523 gold pieces
 11787 | Shoals:3 | Reached skill level 15 in Dodging
 11960 | Shoals:2 | Noticed Ilsuiw
 11993 | Shoals:3 | Received a gift from Trog
 12137 | Shoals:4 | Entered Level 4 of the Shoals
 12152 | Shoals:4 | Identified the +2 hand cannon of Gozag's Anger {elec, *Slow
                  | rF++ Will- Stlth+}
 12307 | Shoals:4 | Identified the +6 scale mail "Oseyjaf" {Slay+2}
 12551 | Shoals:4 | Got a barnacled rune of Zot
 12570 | Shoals:3 | Noticed Jorgrun
 12581 | Shoals:3 | Killed Jorgrun
 12771 | D:11     | Upgraded the game from 0.31-a0-1172-g9944ec47dd to
                  | 0.31-a0-1178-gc5c9b8f871
 12773 | Orc:1    | Entered Level 1 of the Orcish Mines
 13022 | Orc:1    | Received a gift from Trog
 13343 | Orc:2    | Entered Level 2 of the Orcish Mines
 13450 | Orc:2    | Found Jeirrapp's General Store.
 13450 | Orc:2    | Found Vilitz's Magic Scroll Shop.
 13452 | Orc:2    | Found Ippae's Magic Scroll Boutique.
 13454 | Orc:2    | Found Vedemol Tusu's Book Emporium.
 13463 | Orc:2    | Bought a scroll of blinking for 90 gold pieces
 13463 | Orc:2    | Bought a scroll of fog for 48 gold pieces
 13463 | Orc:2    | Bought a scroll of fog for 48 gold pieces
 13463 | Orc:2    | Bought a scroll of teleportation for 36 gold pieces
 13463 | Orc:2    | Bought a scroll of teleportation for 36 gold pieces
 13463 | Orc:2    | Bought a scroll of teleportation for 36 gold pieces
 13463 | Orc:2    | Bought a scroll of silence for 114 gold pieces
 13463 | Orc:2    | Bought a scroll of identify for 24 gold pieces
 13465 | Orc:2    | Bought a scroll of revelation for 105 gold pieces
 13465 | Orc:2    | Bought a scroll of teleportation for 42 gold pieces
 13465 | Orc:2    | Bought a scroll of revelation for 105 gold pieces
 13466 | Orc:2    | Bought a potion of mutation for 112 gold pieces
 13466 | Orc:2    | Bought a wand of mindburst (5) for 98 gold pieces
 13509 | Orc:2    | Reached XP level 19. HP: 174/174 MP: 20/20
 13556 | Orc:2    | Received a gift from Trog
 13571 | Orc:2    | Found a staircase to the Elven Halls.
 13599 | Elf:1    | Entered Level 1 of the Elven Halls
 13656 | Elf:1    | Reached ****** piety under Trog
 13756 | Elf:3    | Entered Level 3 of the Elven Halls
 13788 | Elf:3    | Found Dinneusm's Armour Shoppe.
 13816 | Elf:3    | Bought the +2 hat of the Constellations {rElec Str+4} for
                  | 655 gold pieces
 13873 | Elf:3    | Identified the staff of Youthful Indiscretion {Int+4 Conj}
 14018 | Elf:3    | Received a gift from Trog
 14045 | Elf:3    | Noticed an Ice Fiend
 14049 | Elf:3    | Noticed a deep elf master archer
 14074 | Elf:3    | Identified the +1 hand axe of the Heart {speed, Str+2}
 14079 | Elf:3    | Killed a deep elf master archer
 14080 | Elf:3    | Noticed a deep elf master archer
 14103 | Elf:3    | Killed a deep elf master archer
 14309 | Elf:3    | Received a gift from Trog
 14335 | Elf:3    | Identified the ring "Naetog" {rElec rF+ rC- rCorr Int+5}
 14340 | Elf:3    | Paralysed by an air elemental for 1 turns
 14368 | Elf:3    | Reached XP level 20. HP: 102/181 MP: 21/21
 14387 | Elf:3    | Identified the +8 chain mail of Midsummer {Rampage rF-
                  | Regen+}
 14398 | Elf:3    | Identified the ring "Vuni Hoga" {Will+ SInv}
 14680 | Elf:3    | Found the +0 pair of fencer's gloves {Riposte Dex+3}
 14682 | Elf:3    | Identified the +6 arbalest "Uqilaude" {freeze, ^Drain rElec
                  | rN++ Int-5 Stlth+}
 14700 | Elf:3    | Identified the +0 chain mail of Virtue {Str+2 Dex+2}
 14744 | Elf:3    | Identified the staff of Nightmares {rElec Int+3 Air}
 14747 | Elf:3    | Identified the +0 plate armour of Lucidity {Will+}
 15104 | Orc:1    | Found Fum Puib's Magic Scroll Shop.
 15109 | Orc:1    | Bought a scroll of teleportation for 51 gold pieces
 15109 | Orc:1    | Bought a scroll of fog for 68 gold pieces
 15109 | Orc:1    | Bought a scroll of teleportation for 51 gold pieces
 15109 | Orc:1    | Bought a scroll of immolation for 68 gold pieces
 15109 | Orc:1    | Bought a scroll of immolation for 68 gold pieces
 15315 | D:12     | Identified the +2 flail of Beogh {speed, *Noise rF++
                  | Will+++ Stlth+}
 15474 | D:13     | Found Ivyhyach's General Store.
 15494 | D:13     | Bought a potion of mutation for 144 gold pieces
 15511 | D:13     | Found Wydgh's Jewellery Emporium.
 15519 | D:13     | Bought a maw talisman for 510 gold pieces
 15551 | D:13     | Found Olozoxat's Antique Armour Boutique.
 15559 | D:13     | Bought a pair of glimmering boots for 275 gold pieces
 15559 | D:13     | Identified the +1 pair of boots of Bitterness {rF+ Str-4
                  | Int+2} (You bought it in a shop on level 13 of the Dungeon)
 15589 | D:13     | Got the Book of Combed Thunderclap
 15596 | D:13     | Got the Tome of Axaxaxas mlö
 15625 | D:13     | Found Cydwiat's Antique Armour Shop.
 15666 | D:13     | Found Ifong's Distillery.
 15677 | D:13     | Bought 2 potions of curing for 84 gold pieces
 15677 | D:13     | Bought a potion of curing for 42 gold pieces
 15677 | D:13     | Bought a potion of haste for 140 gold pieces
 15677 | D:13     | Bought a potion of haste for 140 gold pieces
 15677 | D:13     | Bought a potion of curing for 42 gold pieces
 15677 | D:13     | Bought a potion of curing for 42 gold pieces
 15678 | D:13     | Bought a potion of cancellation for 112 gold pieces
 15780 | D:13     | Reached skill level 10 in Evocations
 15836 | D:13     | Found the +9 sword of Power {lifebolt}
 15938 | D:14     | Found a gate leading to a gauntlet.
 15955 | Gauntlet | Entered a Gauntlet
 15955 | Gauntlet | Found a transporter.
 15955 | Gauntlet | Found a transporter.
 15958 | Gauntlet | Found a transporter.
 15959 | Gauntlet | Found a transporter.
 15959 | Gauntlet | Found a transporter.
 15959 | Gauntlet | Found a transporter.
 15969 | Gauntlet | Found a transporter.
 15970 | Gauntlet | Found a transporter.
 15973 | Gauntlet | Found a transporter.
 15975 | Gauntlet | Found a transporter.
 15983 | Gauntlet | Found a transporter.
 15986 | Gauntlet | Found a transporter.
 16062 | Gauntlet | Identified the +1 chain mail of Fedhas's Whim {Fly rElec
                  | Regen+ Str-5}
 16096 | Gauntlet | Identified the ring "Weriorij" {rPois rF+ rN+}
 16237 | D:14     | Noticed Azrael
 16249 | D:14     | Identified the +9 bardiche "Pakegotz" {heavy, ^Fragile rF+
                  | Str+4} (Trog gifted it to you on level 14 of the Dungeon)
 16249 | D:14     | Received a gift from Trog
 16255 | D:14     | Killed Azrael
 16281 | D:14     | Found a gate to the Vaults.
 16333 | Vaults:1 | Entered Level 1 of the Vaults
 16384 | Vaults:1 | Reached XP level 21. HP: 195/195 MP: 22/22
 16511 | Vaults:1 | Found a crumbling gateway.
 16518 | Desolati | Entered the Desolation of Salt
 16567 | Desolati | Received a gift from Trog
 16654 | Desolati | Identified the +5 steam dragon scales "Fuveur" {+Blink
                  | Int-4 Dex+2}
 16766 | Desolati | Identified the ring "Xuywyi" {rPois MP+9}
 16775 | Desolati | Identified the amulet of the Four Mice {*Slow rF+ rN+
                  | Regen+ Str+3}
 16839 | Desolati | Identified the ring of Aneur {rN+ AC+4 Str-4 Slay+3}
 16848 | Desolati | Identified the +5 dagger of In Flagrante Delicto {venom,
                  | ^Fragile rF++ Int+6}
 16853 | Desolati | Got the Information on Combat Magic
 16996 | Vaults:1 | Found a flickering gateway to a bazaar.
 17002 | Bazaar   | Entered a bazaar
 17002 | Bazaar   | Found Hoyz's Weapon Shoppe.
 17013 | Bazaar   | Found Tots's Distillery.
 17023 | Bazaar   | Found Tari's Armour Boutique.
 17044 | Bazaar   | Found Atisyg's Jewellery Emporium.
 17077 | Bazaar   | Bought a potion of heal wounds for 60 gold pieces
 17077 | Bazaar   | Bought a potion of haste for 120 gold pieces
 17171 | Vaults:1 | Received a gift from Trog
 17226 | Vaults:2 | Reached XP level 22. HP: 209/209 MP: 23/23
 17253 | Vaults:2 | Found Cadduz's Weapon Shoppe.
 17303 | Vaults:5 | Entered Level 5 of the Vaults
 17303 | Vaults:5 | Noticed Mennas
 17330 | Vaults:5 | Noticed Mara
 17346 | Vaults:5 | Killed Mara
 17350 | Vaults:5 | Noticed a golden dragon
 17361 | Vaults:5 | Killed a golden dragon
 17440 | Vaults:5 | Noticed a golden dragon
 17441 | Vaults:5 | Noticed Frederick
 17447 | Vaults:5 | Killed a golden dragon
 17557 | Vaults:5 | Killed Frederick
 17557 | Vaults:5 | Received a gift from Trog
 17647 | Vaults:5 | Identified the +4 scale mail of the Merchant {Rampage Fly}
 17702 | Vaults:5 | Reached XP level 23. HP: 220/220 MP: 24/24
 17795 | Vaults:5 | Noticed a golden dragon
 17867 | Vaults:5 | Killed a golden dragon
 17869 | Vaults:5 | Identified the +10 double sword of Ifustronn {heavy, rElec
                  | rN+ Int+3 Stlth-}
 17869 | Vaults:5 | Identified the +7 sling of the Median {flame, Will+ Str+2
                  | Int+3}
 17952 | Vaults:5 | Got a silver rune of Zot
 17958 | Vaults:5 | Identified the ring of Vinig {Fly rPois Str+6 Dex+2}
 18142 | Vaults:5 | Received a gift from Trog
 18238 | Vaults:5 | HP: 13/264 [Mennas/+3 sacred scourge of holy wrath (17)]
 18263 | Vaults:4 | HP: 10/264 [Mennas/+3 sacred scourge of holy wrath (26)]
 18263 | Vaults:4 | Slain by Mennas

Illustrated notes

Levels and vault maps discovered:
D:1:      dpeg_arrival_castle, layout_rooms, amcnicky_mini_rare_corridor_liquid
D:2:      layout_rooms, uniq_jessica, uniq_crazy_yiuf_cottage
D:3:      layout_rooms, uniq_sigmund
D:4:      layout_loops_corners, nicolae_vehumet_altar_sigil,
          nicolae_overflow_squiral, serial_bayou, serial_bayou_pond_e,
          serial_bayou_pond_b, serial_bayou_shore_b, serial_bayou_shore_b,
          serial_bayou_shore_b, serial_bayou_crossing, nzn_random_ring
D:5:      layout_loops_ring, nicolae_shop_distant_corner_stores
D:6:      layout_loops_ring, serial_bayou, serial_bayou_lagoon_b,
          serial_bayou_shore_b, serial_bayou_pond_a, serial_bayou_pond_b,
          serial_bayou_ford_a, corner_web_ring, nicolae_titane
D:7:      layout_cave_pools, minmay_temple_entry_nine_rooms
D:8:      layout_basic, mainiacjoe_overflow_alcove_2, nicolae_ru_awakened_eye
D:9:      layout_layer_cave, enter_bailey_2, kennysheep_doodads, uniq_maurice
D:10:     layout_irregular_city, okawaru_metal_pillars_3, uniq_erolcha,
          uniq_sonja
D:11:     nicolae_cairo_tiling_large_dashed, layout_rooms, dpeg_oklobed_lair,
          orc_0_dummy, serial_library,
          serial_library_regret_index_branch_corner,
          serial_library_regret_index_multi,
          serial_library_hellmonk_double_dead_end,
          serial_library_regret_index_double_sided,
          serial_library_regret_index_headful,
          serial_library_hellmonk_narrow_alcove,
          serial_library_hellmonk_hallway_b, nicolae_custom_books, uniq_urug,
          uniq_snorg
D:12:     layout_roguey
D:13:     minmay_guarded_unrand_sword_of_power, layout_irregular_city,
          serial_shops, nicolae_take_the_stairs, nicolae_shop_real_fake_doors,
          nicolae_shop_waterfront, shop, nicolae_diamond_shop,
          bh_hangedman_babel_library
D:14:     layout_roguey, lightli_vaults_fourway_checkpoint,
          gauntlet_entry_generic, uniq_azrael, uniq_josephine
Temple:   minmay_temple_bridge_d
Lair:1:   layout_big_grid, worms_lemuel, uniq_gastronok
Lair:2:   cheibrodos_lair_river_kwai, layout_cave_shapes,
          minmay_shoals_entry_lonely_mermaid, spider_nest_entry_funnel_web
Lair:3:   layout_loops_ring, bh_autumn_forest_stairs, uniq_fannar, uniq_nergalle
Lair:4:   layout_concentric_octagons, slime_entry_1, minmay_stone_trees_large,
          infiniplex_staircase_pool, serial_bayou_shore_a
Lair:5:   due_jungle_book, layout_long_grid, grunt_megastairs_3
Shoals:1: layout_shoals, ebering_ghost_rock_garden, nicolae_shoals_undead_eyrie
Shoals:2: layout_shoals, portal_ice_cave_entry_pillars_four,
          nicolae_shoals_spring_well_temple, uniq_ilsuiw
Shoals:3: layout_shoals, uniq_jorgrun
Shoals:4: shoals_end_hangedman, layout_shoals,
          nicolae_shoals_the_drawing_of_the_three
Spider:1: layout_spider_delve, uniq_louise
Spider:2: layout_cave_pods
Spider:3: layout_spider_delve
Spider:4: grunt_spider_rune_circles, uniq_mlioglotl, uniq_roxanne
Orc:1:    orc_temple, layout_caves, serial_shops, shop_scrolls,
          blackcustard_mines_bat_river
Orc:2:    st_orc_rangers, layout_caves
Elf:1:    elf_arrival_001, layout_geoelf_grid, serial_sigils,
          serial_sigils_hangedman_gut, serial_sigils_hangedman_gnaw,
          serial_sigils_hangedman_quiver, serial_sigils_hangedman_clutch,
          serial_sigils_hangedman_quiver, serial_sigils_hangedman_writhe,
          evilmike_minifort, drop_trap
Elf:2:    nicolae_elf_blades_splatter_lattice [nicolae_blade_entry_pointy_end],
          layout_loops_cross, serial_sigils_hangedman_shear
Elf:3:    elf_hall, layout_geoelf_octagon, serial_shops, shop, minmay_shop_grove
Vaults:1: portal_desolation_entry_nicolae_slug, vaults_dpeg_emergency_exit,
          vaults_mumra_hex, nicolae_vaults_little_squares_6, v_rooms_4,
          nicolae_vaults_disjoint_gnomons, nicolae_vaults_shrinking_rooms_2,
          vaults_room_door_hall, nicolae_vaults_network_quinsquares
          [nicolae_vaults_network_quincunx_subvault,
          nicolae_vaults_network_quincunx_subvault,
          nicolae_vaults_network_quincunx_subvault,
          nicolae_vaults_network_quincunx_subvault], v_misc_14,
          nicolae_vaults_display_case, nicolae_vaults_little_squares_5,
          layout_vaults_omnicross, serial_shops, bzr_entry_safe, uniq_norris
Vaults:2: vaults_room_ringed_pool, dpeg_vaults_monster_box,
          nicolae_vaults_apartment_1, v_misc_23, hangedman_vaults_unwind,
          hangedman_vaults_hat, hangedman_vaults_nails, v_misc_30,
          hangedman_vaults_snaps, layout_vaults_omnibox, serial_shops,
          nicolae_shop_just_a_little_nook
Vaults:3: v_misc_23, ontoclasm_vaults_misaligned, serial_ice_h, v_rooms_3,
          ontoclasm_vaults_chip, blue_anna_dwarven_crypt,
          nicolae_vaults_tangram_2, layout_vaults_chaotic_city, uniq_saint_roka,
          uniq_xtahua, uniq_margery
Vaults:4: nicolae_vaults_oval_intersection, nicolae_vaults_tetromino_T_1,
          nicolae_vaults_octothorpe, vaults_room_semicircle,
          nicolae_vaults_ring_of_whatevers, nicolae_vaults_little_squares_5,
          st_smaller_cells, vaults_room_pools, layout_vaults_omnigrid,
          serial_shops, nicolae_shop_behind_doors, uniq_jory
Vaults:5: uniq_mara, uniq_frederick, uniq_mennas

Skill      XL: |  1  2  3  4  5  6  7  8  9 10 11 12 13 14 15 16 17 18 19 20 21 22 23 |
---------------+----------------------------------------------------------------------+-----
Shapeshifting  | 4 5 6 7 9 10 12 13 14 16 18 19 | 19.3
Unarmed Combat | 4 5 7 10 12 13 15 16 17 19 20 21 | 21.9
Fighting       | 2 4 6 7 8 9 10 12 13 15 16 17 18 19 21 | 21.2
Dodging        | 4 5 6 9 10 12 14 16 17 18 20 21 | 21.0
Evocations     | 3 9 11 12 | 12.0

Action                     |  1- 3 |  4- 6 |  7- 9 | 10-12 | 13-15 | 16-18 | 19-21 | 22-24 || total
---------------------------+-------+-------+-------+-------+-------+-------+-------+-------++-------
  Melee: Unarmed           |    35 |    98 |   295 |   416 |   541 |  1002 |   807 |   377 ||  3571
         Punch             |       |     2 |    18 |       |       |       |   105 |    89 ||   214
         Constrict         |       |       |       |    89 |    95 |   234 |   103 |     1 ||   522
         Maw               |       |       |       |       |       |       |   233 |   170 ||   403
  Throw: Throwing net      |       |       |       |       |       |       |     1 |       ||     1
 Invoke: Berserk           |       |       |       |     3 |     4 |     5 |       |       ||    12
         Trog's Hand       |       |       |       |     3 |     4 |    14 |     7 |     6 ||    34
         Brothers in Arms  |       |       |       |       |     2 |     3 |     3 |     2 ||    10
Ability: Begin Untransform |       |       |     1 |       |       |       |       |       ||     1
  Evoke: Wand              |       |       |     2 |     2 |    13 |    18 |    18 |     1 ||    54
         Box of beasts     |       |       |       |       |       |     1 |     1 |       ||     2
         Lightning rod     |       |       |       |       |       |       |       |     2 ||     2
    Use: Potion            |       |     3 |     1 |       |     5 |     6 |     3 |    10 ||    28
         Scroll            |       |       |     9 |     7 |     6 |    12 |    14 |     4 ||    52
   Stab: Distracted        |       |       |       |     1 |       |     1 |     1 |     2 ||     5
         Sleeping          |       |       |       |     1 |       |       |       |       ||     1
         Paralysed         |       |       |       |     1 |       |     5 |       |       ||     6
         Held in net/web   |       |       |       |       |       |       |     1 |       ||     1
 Armour: Animal skin       |    17 |    42 |       |       |       |       |       |       ||    59
         Skin              |       |    10 |    15 |   262 |   516 |   672 |   282 |   164 ||  1921
         Robe              |       |       |   139 |       |       |       |     4 |       ||   143
  Dodge: Dodged            |    30 |    45 |   170 |   202 |   479 |  1014 |   548 |   206 ||  2694
  Block: Other             |       |       |       |       |       |   120 |    88 |    47 ||   255
         Reflection        |       |       |       |       |       |    15 |    14 |     1 ||    30
Riposte: Unarmed           |       |       |       |       |       |       |    93 |    48 ||   141
   Form: Flux              |       |       |     3 |     1 |     1 |     2 |       |       ||     7
         Beast             |       |       |     1 |       |       |       |       |       ||     1
         Serpent           |       |       |       |     2 |     1 |     2 |     3 |     1 ||     9
         Maw               |       |       |       |       |       |       |     3 |     1 ||     4
                           |       |       |       |       |       |       |     1 |       ||     1
         Statue            |       |       |       |       |       |       |       |     1 ||     1

Table legend: (Time is in decaauts)
 A = Elapsed time spent in this place.
 B = Non-inter-level travel time spent in this place.
 C = Inter-level travel time spent in this place.
 D = Time resting spent in this place.
 E = Time spent auto-exploring this place.
 F = Levels seen in this place.
 G = Mean time per level.
                   A        B        C        D        E       F      G
               +--------+--------+--------+--------+--------+-----+--------+
         Total |  17406 |  15275 |   2131 |    774 |   1629 |  43 |  404.8 |
       Dungeon |   6965 |   5860 |   1105 |    214 |    926 |  14 |  497.5 |
        Temple |    144 |      8 |    136 |      0 |      0 |   1 |  144.0 |
          Lair |   2638 |   2277 |    361 |     60 |    292 |   5 |  527.6 |
        Shoals |   1318 |   1240 |     78 |     93 |      0 |   4 |  329.5 |
   Spider Nest |   1611 |   1414 |    197 |    114 |     21 |   4 |  402.8 |
  Orcish Mines |    842 |    769 |     73 |      6 |    139 |   2 |  421.0 |
   Elven Halls |   1266 |   1137 |    129 |    205 |    117 |   3 |  422.0 |
        Vaults |   1167 |   1116 |     51 |     21 |      0 |   5 |  233.4 |
        Bazaar |     91 |     91 |      0 |      0 |     45 |   1 |   91.0 |
        Bailey |    371 |    371 |      0 |      0 |     31 |   1 |  371.0 |
      Ice Cave |    344 |    344 |      0 |     58 |     17 |   1 |  344.0 |
    Desolation |    393 |    393 |      0 |      0 |      0 |   1 |  393.0 |
      Gauntlet |    249 |    249 |      0 |      0 |     41 |   1 |  249.0 |
               +--------+--------+--------+--------+--------+-----+--------+

Top non-repeatable levels by time:
   Elf:3: 1068 daAuts
     D:4: 1045 daAuts
    D:11: 950 daAuts
Vaults:5: 781 daAuts
  Lair:2: 774 daAuts
Spider:4: 689 daAuts
     D:6: 657 daAuts
     D:5: 643 daAuts
Spider:3: 635 daAuts
  Lair:4: 600 daAuts
     D:9: 582 daAuts
   Orc:1: 508 daAuts
     D:7: 503 daAuts
  Lair:5: 471 daAuts
    D:10: 466 daAuts
